 Dungeon Crawl Stone Soup version 0.29.0-4-gdea44cf6ec (webtiles) character file.

Game seed: 7588347345439875516

83 qw the Chopper (level 4, -2/26 HPs)
             Began as a Tengu Warper on Aug 28, 2022.
             Slain by an orc wizard
             ... wielding a +0 dagger
              (4 damage)
             ... on level 3 of the Dungeon.
             The game lasted 00:00:16 (3053 turns).

qw the Chopper (Tengu Warper)                       Turns: 3053, Time: 00:00:17

Health: -2/26      AC:  5    Str: 14    XL:     4   Next: 44%
Magic:  8/8        EV: 11    Int: 13    God:
Gold:   179        SH:  0    Dex: 13    Spells: 7/7 levels left

rFire   . . .      SeeInvis .   h - +1 hand axe (vamp)
rCold   . . .      Faith    .   (no shield)
rNeg    . . .      Spirit   .   c - +0 ring mail
rPois   .          Reflect  .   (helmet restricted)
rElec   .          Harm     .   (no cloak)
rCorr   .          Rampage  .   (no gloves)
Will    .....                   (boots unavailable)
Stlth   +.........              (no amulet)
HPRegen 0.08/turn               (no ring)
MPRegen 0.11/turn               (no ring)

@: no status effects
A: beak, talons 3
a: no special abilities


You were on level 3 of the Dungeon.
You visited 1 branch of the dungeon, and saw 3 of its levels.

You collected 179 gold pieces.


Innate Abilities, Weirdness & Mutations

You have a beak for a mouth.
You have claws for feet.


   Skills:
 - Level 2.0 Fighting
 + Level 5.0 Axes
 - Level 1.0 Throwing
 - Level 1.1 Armour
 - Level 2.1 Dodging
 - Level 2.0 Spellcasting
 - Level 2.4 Translocations


You had 7 spell levels left.
You didn't know any spells.
Your spell library contained the following spells:

 Spells                   Type           Power      Damage    Failure   Level
 Blink                    Tloc           14%        N/A       30%         2
 Gell's Gravitas          Tloc           7%         N/A       52%         3
 Lesser Beckoning         Tloc           7%         N/A       52%         3
 Teleport Other           Tloc           7%         N/A       52%         3
 Manifold Assault         Tloc           7%         N/A       99%         5

Inventory:

Hand Weapons
 h - a +1 vampiric hand axe (weapon)
 o - a +0 flail
Armour
 c - a +0 ring mail (worn)
 d - a +0 scale mail
Jewellery
 b - a +6 ring of intelligence
Scrolls
 g - a scroll of brand weapon
 j - 3 scrolls of identify
 k - a scroll of enchant armour {unknown}
 l - 4 scrolls of butterflies {unknown}
 n - a scroll of teleportation
Potions
 a - 2 potions of cancellation {unknown}
 e - a potion of ambrosia {unknown}
 f - a potion of brilliance {unknown}
 m - 2 potions of lignification {unknown}

Dungeon Overview and Level Annotations

Branches:
Dungeon (3/15)

Altars:


Message History

The orc wizard casts a spell.
The orc wizard flickers and vanishes!
Deactivating autopickup; reactivate with Ctrl-A.
The orc hits you but does no damage. The orc hits you with a +0 club.
The endoplasm barely misses you.
You hit the orc.
You kill the orc!
You hit the endoplasm.
The orc hits you from afar with a +0 trident.
The endoplasm hits you but does no damage.
Your Axes skill increases to level 5!
You hit the endoplasm.
You feel better.
You claw the endoplasm, but do no damage.
The endoplasm is heavily wounded.
The orc barely misses you. The endoplasm completely misses you.
You hit the endoplasm.
You feel better.
You kill the endoplasm!
The orc hits you from afar with a +0 trident.
You closely miss the orc. You claw the orc, but do no damage.
The orc hits you with a +2 vorpal hand axe.
The orc hits you from afar with a +0 trident.
You closely miss the orc. You claw the orc.
You kill the orc!
The orc barely misses you.
You closely miss something. The orc barely misses you.
Something hits you but does no damage.
You hit something.
You feel better. The orc barely misses you.
Something hits you but does no damage.
You closely miss something. You claw something. Your peck misses something.
The orc hits you from afar with a +0 trident.
Something hits you.
You closely miss something. Your peck misses something.
The orc hits you from afar with a +0 trident.
Something barely misses you.
You barely miss something. Your kick misses something.
The orc barely misses you. Something hits you.
You completely miss something. Your kick misses something.
The orc hits you from afar with a +0 trident.
Something hits you.
You die...

#..##....##..[# #.#
#...#....#..#)####.#
#..........##))....#
##.#...##########..##
## #.#.### #####.#.##
.# #.#.# #....###.##
.# #.#.# #.#.## ##.#
.# #.#.# ##.##.###.##
.####.#.# #.@)##.#.##
......#.# ##)####.##
.######.# o.. ###
........# +.8.+
.######## #...#
.######### ##+#####
.........# #.#
[#######.# #.# ## #.#
#>#


You could see an orc.

Vanquished Creatures
  2 adders (D:2)
  A worm (D:3)
  A dart slug (D:2)
  6 orcs (D:3)
  3 bats (D:1)
  5 endoplasms
  5 giant cockroaches
  6 goblins
  5 hobgoblins
  A quokka (D:3)
  7 ball pythons
  3 frilled lizards
  2 kobolds
  2 rats
49 creatures vanquished.

Notes
Turn   | Place    | Note
-------+----------+-------------------------------------------
     0 | D:1      | qw the Tengu Warper began the quest for the Orb.
     0 | D:1      | Reached XP level 1. HP: 12/12 MP: 4/4
     0 | D:1      | 0 ||| qw: Version: 0.1-a-89-g26bdef1
     0 | D:1      | 0 ||| qw: Game counter: 654
     0 | D:1      | 0 ||| qw: Always use a shield: true
     0 | D:1      | 0 ||| qw: God list: Okawaru
     0 | D:1      | 0 ||| qw: Allow faded altars: false
     0 | D:1      | 0 ||| qw: Do Orc after D:15 true
     0 | D:1      | 0 ||| qw: Do second Lair branch before Depths: true
     0 | D:1      | 0 ||| qw: Lair rune preference: random
     0 | D:1      | 0 ||| qw: Plans: Normal
     0 | D:1      | 0 ||| PLANNING D:1-11
   232 | D:1      | Reached XP level 2. HP: 17/17 MP: 6/6
   245 | D:1      | Reached skill level 3 in Axes
   640 | D:1      | 640 ||| DROPPING +0 club.
   671 | D:1      | 671 ||| Stepping ~*~*~tactically~*~*~ (stealth).
   683 | D:1      | 683 ||| Stepping ~*~*~tactically~*~*~ (stealth).
   685 | D:1      | 685 ||| Stepping ~*~*~tactically~*~*~ (stealth).
  1032 | D:1      | 1032 ||| Stepping ~*~*~tactically~*~*~ (stealth).
  1202 | D:1      | 1202 ||| READING scroll labelled DOYFOL REUVE.
  1203 | D:1      | 1203 ||| READING scroll labelled WUBBIL MAAMUTO.
  1204 | D:1      | 1204 ||| READING 3 scrolls labelled IFITUQEUCKI.
  1205 | D:1      | 1205 ||| READING 2 scrolls of brand weapon.
  1205 | D:1      | 1205 ||| BRANDING +1 vorpal hand axe.
  1206 | D:1      | 1206 ||| READING 2 scrolls labelled QAETIO YSKOD.
  1207 | D:1      | 1207 ||| READING scroll labelled YTUEFE ALEBICH.
  1210 | D:1      | 1210 ||| DROPPING scroll of blinking.
  1228 | D:2      | 1228 ||| STAIRDANCE
  1231 | D:1      | Reached XP level 3. HP: 21/21 MP: 7/7
  1234 | D:2      | Found a faded altar of an unknown god.
  1345 | D:2      | Reached skill level 4 in Axes
  1594 | D:2      | 1594 ||| Stepping ~*~*~tactically~*~*~ (stealth).
  1595 | D:2      | 1595 ||| Stepping ~*~*~tactically~*~*~ (stealth).
  2190 | D:2      | 2190 ||| UPGRADING to +0 ring mail.
  2200 | D:2      | 2200 ||| DROPPING +0 leather armour.
  2201 | D:2      | 2201 ||| DROPPING amulet of magic regeneration.
  2202 | D:2      | 2202 ||| READING scroll labelled GAAR OHISOURI.
  2203 | D:2      | 2203 ||| Stepping randomly (stuck).
  2205 | D:2      | 2205 ||| Stepping randomly (stuck).
  2207 | D:2      | 2207 ||| Stepping randomly (stuck).
  2225 | D:2      | Reached XP level 4. HP: 23/26 MP: 8/8
  2439 | D:3      | 2439 ||| Stepping ~*~*~tactically~*~*~ (stealth).
  2457 | D:3      | 2457 ||| Stepping ~*~*~tactically~*~*~ (stealth).
  2863 | D:3      | 2863 ||| DROPPING +0 whip.
  3044 | D:3      | Reached skill level 5 in Axes
  3053 | D:3      | HP: 2/26 [orc/+0 trident (5)]
  3053 | D:3      | Slain by an orc wizard

Levels and vault maps discovered:
D:1:      lemuel_arrival_hallway, layout_basic
D:2:      layout_basic, shapermc_ecumenical_altar_venn, serial_aquarium,
          aquarium_bridge_straight [aquarium_subvault_bridge,
          aquarium_subvault_window, aquarium_subvault_bridge,
          aquarium_subvault_window], aquarium_window_fake, aquarium_window_1,
          aquarium_window_3, aquarium_view_2c, aquarium_view_2f,
          aquarium_balcony_3a
D:3:      layout_loops_ring, beargit_hepliaklqana_dungeon_heroes,
          grunt_temple_overflow_diamond, minmay_misc_feat_iff

Skill      XL: |  1  2  3  4 |
---------------+-------------+-----
Axes           | 3 4 5 |  5.0
Fighting       | |  2.0
Throwing       | |  1.0
Armour         | |  1.1
Dodging        | |  2.1
Spellcasting   | |  2.0
Translocations | |  2.4

Action                   |  1- 3 |  4- 6 || total
-------------------------+-------+-------++-------
Melee: Hand axe          |    86 |    40 ||   126
       Kick              |    19 |    17 ||    36
       Peck              |    10 |     8 ||    18
Throw: Boomerang         |     7 |       ||     7
  Use: Scroll            |     7 |       ||     7
Armor: Leather armour    |    12 |       ||    12
       Ring mail         |     1 |     8 ||     9
Dodge: Dodged            |    46 |    14 ||    60

Table legend:
 A = Non-vault XP
 B = Vault XP
 C = Vault XP percentage of total XP
 D = Non-vault monster count
 E = Vault monster count
 F = Vault count percentage of total count
                 A         B        C        D         E       F
            +---------+---------+-------+---------+---------+-------
      Total |     119 |       0 |   0.0 |      49 |       0 |   0.0
            +---------+---------+-------+---------+---------+-------
        D:1 |      34 |       0 |   0.0 |      21 |       0 |   0.0
        D:2 |      52 |       0 |   0.0 |      16 |       0 |   0.0
        D:3 |      33 |       0 |   0.0 |      12 |       0 |   0.0
            +---------+---------+-------+---------+---------+-------
